Map: 2000 Atmospheres LE

Players

Elazer - Winner!

  • Race: Zerg Zerg

Krystianer

  • Race: Protoss Protoss

Event: DreamHack SC2 Masters 2021 Winter

VOD

Have the link to the VOD?

Description

Time

  • Played on: Oct. 2, 2021, 1:11 p.m.
  • Length: 11:07

All games in this series

Show
View Real Time Build Order
Export as new Build Order

Elazer Zerg - Winner!

Build Orders: Hatch First 

Get SALT Encoding   

  12  0:00  Drone  
  13  0:12  Overlord  
  13  0:16  Drone  
  14  0:30  Drone x2  
  16  0:48  Hatchery  
  15  0:51  Drone  
  15  0:54  Drone  
  17  0:58  Drone  
  18  1:08  Extractor  
  17  1:13  Spawning Pool  
  17  1:16  Drone  
  17  1:20  Drone  
  18  1:27  Drone  
  19  1:38  Drone  
  20  1:46  Hatchery  
  19  1:49  Drone  
  20  1:59  Queen  
  22  2:01  Drone  
  22  2:04  Drone  
  24  2:10  Drone  
  24  2:13  Overlord  
  25  2:21  Queen  
  27  2:24  Drone  
  28  2:32  Zergling x4  
  28  2:34  Drone  
  31  2:37  Queen  
  31  2:42  Drone  
  31  2:43  Drone  
  35  2:50  Metabolic Boost  
  35  2:53  Zergling x2  
  35  2:57  Queen  
  35  2:58  Zergling x2  
  39  3:02  Overlord  
  39  3:05  Drone x2  
  41  3:19  Drone x2, Evolution Chamber  
  42  3:20  Drone x2  
  42  3:27  Spore Crawler  
  42  3:30  Drone x3  
  42  3:33  Spore Crawler  
  44  3:39  Drone x3  
  48  3:41  Drone  
  48  3:45  Overlord  
  48  3:47  Overlord  
  48  4:04  Drone x2  
  48  4:06  Drone x2  
  48  4:09  Drone x6  
  58  4:14  Overlord  
  58  4:17  Overlord  
  58  4:21  Overlord  
  58  4:34  Queen, Extractor  
  58  4:35  Extractor, Roach Warren  
  58  4:36  Drone x9  
  66  4:40  Drone x2  
  66  4:45  Overlord  
  68  4:46  Drone x3  
  68  4:48  Drone  
  68  4:52  Queen  
  74  4:57  Drone  
  74  5:00  Lair  
  74  5:03  Drone x3  
  74  5:04  Drone x3  
  74  5:05  Drone  
  81  5:10  Overlord  
  81  5:17  Overlord  
  81  5:21  Overlord  
  81  5:25  Zergling x2  
  81  5:28  Queen x2  
  86  5:30  Hatchery  
  86  5:32  Zergling x10  
  90  5:36  Evolution Chamber  
  90  5:37  Extractor  
  90  5:39  Overlord  
  90  5:41  Extractor  
  90  5:42  Zergling x18  
  96  5:49  Overlord  
  96  6:00  Drone x8  
  96  6:02  Spire  
  96  6:04  Queen  
  103  6:06  Zerg Missile Weapons Level 1  
  103  6:10  Drone x5  
  110  6:17  Drone  
  110  6:23  Drone x2  
  109  6:26  Queen x2  
  109  6:27  Overlord  
  107  6:40  Drone x3  
  107  6:41  Drone x5, Extractor  
  107  6:42  Extractor  
  107  6:46  Queen  
  107  6:47  Queen  
  109  6:49  Extractor  
  109  6:50  Overlord, Extractor  
  107  7:14  Corruptor  
  107  7:15  Corruptor x10  
  128  7:21  Corruptor  
  126  7:30  Overlord  
  126  7:31  Corruptor x2  
  129  7:37  Drone x7  
  129  7:42  Overlord  
  134  7:45  Drone x2  
  134  7:50  Overlord  
  134  7:51  Drone x4  
  138  7:55  Overlord  
  138  7:56  Overlord x2  
  138  7:57  Overseer  
  138  8:04  Zerg Ground Armor Level 1  
  138  8:05  Zerg Flyer Armor Level 1  
  138  8:07  Infestation Pit  
  138  8:08  Drone x5  
  142  8:15  Glial Reconstitution  
  142  8:16  Overlord  
  141  8:22  Corruptor x4  
  149  8:44  Roach x8  
  165  8:53  Hatchery  
  166  8:55  Roach  
  166  8:56  Roach x3  
  166  9:02  Hatchery  
  171  9:06  Roach x2  
  173  9:14  Roach  
  173  9:17  Roach  
  173  9:22  Roach  
  173  9:23  Overlord x2  
  177  9:37  Hive  
  173  9:41  Roach x3  
  177  9:46  Roach x8  
  193  9:53  Overlord  
  189  10:02  Roach x2  
  193  10:12  Overlord  
  193  10:18  Spine Crawler  
  193  10:19  Spine Crawler x3  
  193  10:20  Spine Crawler  
  188  10:21  Spine Crawler  
  188  10:24  Spine Crawler  
  188  10:26  Roach x7  
  196  10:46  Roach x3  
Show
View Real Time Build Order
Export as new Build Order

Krystianer Protoss 

Build Orders: 1 Gate Expand 

Get SALT Encoding   

  12  0:00  Probe  
  13  0:12  Probe  
  14  0:19  Pylon  
  14  0:24  Probe  
  15  0:37  Probe (Chrono Boost)  
  15  0:39  Gateway  
  16  0:46  Assimilator, Probe (Chrono Boost)  
  17  0:51  Probe  
  18  1:03  Probe  
  19  1:15  Probe  
  20  1:23  Nexus  
  20  1:33  Cybernetics Core  
  20  1:37  Probe  
  21  1:42  Assimilator  
  21  1:49  Probe  
  21  1:52  Pylon  
  22  2:01  Probe  
  22  2:07  Adept (Chrono Boost)  
  23  2:13  Probe  
  26  2:16  Stargate  
  26  2:25  Warp Gate  
  26  2:27  Adept (Chrono Boost), Probe (Chrono Boost)  
  27  2:35  Probe (Chrono Boost)  
  30  2:44  Probe x2 (Chrono Boost)  
  32  2:49  Probe (Chrono Boost)  
  32  2:50  Probe  
  33  2:54  Void Ray (Chrono Boost)  
  34  3:01  Probe  
  34  3:02  Probe  
  40  3:09  Adept  
  42  3:14  Probe x2  
  44  3:26  Probe x2  
  42  3:35  Gateway  
  42  3:36  Assimilator  
  42  3:38  Assimilator, Probe x2  
  42  3:39  Pylon  
  44  3:50  Probe x2  
  46  3:55  Stargate  
  46  4:02  Probe x2  
  48  4:04  Fleet Beacon  
  48  4:07  Pylon  
  48  4:14  Probe x2  
  50  4:23  Pylon  
  50  4:26  Probe  
  51  4:39  Probe  
  51  4:42  Adept  
  51  4:43  Adept  
  56  4:45  Tempest (Chrono Boost)  
  56  4:50  Tempest (Chrono Boost)  
  66  4:56  Nexus, Pylon  
  66  4:57  Probe  
  66  4:58  Probe  
  68  5:10  Probe x2  
  68  5:13  Void Ray (Chrono Boost), Pylon  
  70  5:20  Void Ray (Chrono Boost)  
  74  5:24  Shield Battery  
  74  5:25  Pylon  
  78  5:31  Probe x2  
  80  5:43  Void Ray, Probe x2  
  80  5:49  Flux Vanes  
  86  5:52  Void Ray  
  86  5:55  Probe x2  
  88  6:02  Zealot  
  94  6:07  Probe, Pylon  
  94  6:08  Probe x2  
  97  6:14  Zealot  
  98  6:20  Void Ray, Probe x3  
  98  6:23  Zealot  
  99  6:29  Void Ray (Chrono Boost)  
  99  6:32  Probe x3  
  102  6:35  Zealot  
  101  6:44  Probe x3  
  102  6:50  Zealot  
  104  6:55  Twilight Council, Void Ray (Chrono Boost)  
  104  6:56  Probe x3, Forge  
  107  7:01  Protoss Air Weapons Level 1 (Chrono Boost)  
  107  7:08  Probe x3  
  113  7:15  Pylon  
  114  7:16  Assimilator  
  114  7:17  Pylon  
  114  7:20  Probe  
  114  7:21  Assimilator  
  114  7:22  Protoss Ground Weapons Level 1  
  115  7:27  Void Ray  
  115  7:30  Charge (Chrono Boost)  
  115  7:33  Gateway  
  115  7:35  Gateway  
  119  7:37  Gateway  
  123  7:45  Gateway  
  123  7:51  Gateway  
  123  7:53  Gateway  
  123  7:55  Gateway  
  123  7:57  Robotics Facility, Zealot x2, Gateway  
  117  8:04  Templar Archives  
  117  8:14  Probe x2  
  117  8:18  Zealot x2  
  117  8:19  Nexus  
  119  8:20  Pylon  
  99  8:36  Zealot x3  
  99  8:39  Zealot x2  
  99  8:40  Zealot  
  99  8:44  Pylon  
  99  8:48  Zealot  
  101  8:50  Zealot x2  
  101  8:54  Probe  
  106  8:57  High Templar  
  106  8:58  High Templar x3  
  106  9:01  Stalker x3  
  117  9:02  Probe  
  116  9:15  Zealot x3  
  113  9:17  Archon x2  
  113  9:19  Probe  
  114  9:28  Stalker x3  
  120  9:32  Probe  
  120  9:34  Probe  
  120  9:36  Nexus  
  120  9:38  High Templar x4  
  128  9:43  Zealot, Archon x2  
  128  9:44  Zealot x2  
  132  9:46  Pylon  
  132  9:53  Nexus  
  132  10:01  High Templar  
  134  10:11  Nexus  
  134  10:13  High Templar  
  134  10:24  Archon  
  128  10:29  Zealot x5  
  134  10:38  Nexus  
  134  10:40  High Templar x2  
  134  10:41  Probe  
  134  10:44  Archon  

Tags
 
Add a new tag
Caveats
  • Supply blocks, unpowered buildings, or Contaminate may cause inaccurate times.
  • Supply counts are checked every 10 seconds.